 Dungeon Crawl Stone Soup version 0.17-a0-2208-ge5ab1d3 (webtiles) character file.

69 Duffy the Vexing (level 4, 0/30 HPs)
             Began as a Formicid Enchanter on Oct 27, 2015.
             Succumbed to an adder's poison
             ... on level 2 of the Dungeon.
             The game lasted 00:02:24 (1640 turns).

Duffy the Vexing (Formicid Enchanter)               Turns: 1640, Time: 00:02:24

Health: 0/30       AC:  3    Str: 17    XL:     4   Next: 42%
Magic:  2/7        EV: 12    Int: 20    God:
Gold:   60         SH:  0    Dex: 12    Spells: 3 memorised, 1 level left

rFire  + . .     SeeInvis +     a - +1 dagger
rCold  . . .     Clarity  .     b - +1 robe
rNeg   . . .     SustAt   .     (no shield)
rPois  .         Gourm    .     (helmet unavailable)
rElec  .         Spirit   .     (no cloak)
rCorr  .         Warding  .     (no gloves)
rMut   .         Stasis   +     (no boots)
MR     .....                    (no amulet)
Stlth  ++........               (no ring)
                                j - ring of protection from fire

@: mighty, brilliant, lethally poisoned (0 -> -3), not resistant to hostile
enchantments, unstealthy
A: permanent stasis, dig shafts and tunnels, four strong arms, antennae 3
a: Dig, Shaft Self


You were on level 2 of the Dungeon.
You were hungry.

You visited 1 branch of the dungeon, and saw 2 of its levels.

You collected 60 gold pieces.


Innate Abilities, Weirdness & Mutations

You are under a permanent stasis effect.
You can dig through walls and to a lower floor.
Your four strong arms can wield two-handed weapons with a shield.
You have a pair of large antennae on your head (SInv).


   Skills:
 + Level 2.6 Short Blades
 - Level 1.7 Dodging
 - Level 3.6 Stealth
 - Level 2.1 Spellcasting
 + Level 5.0 Hexes


You had one spell level left.
You knew the following spells:

 Your Spells              Type           Power        Failure   Level  Hunger
a - Ensorcelled Hibernat  Hex/Ice        ###...       1%          2    ##.....
c - Confuse               Hex            ####....     1%          3    ###....
r - Corona                Hex            ####...      1%          1    #......

Inventory:

Hand Weapons
 a - a +1 dagger (weapon)
Armour
 b - a +1 robe (worn)
 e - a +0 ring mail
Jewellery
 j - a ring of protection from fire (left hand)
Scrolls
 i - 2 scrolls of teleportation {unknown}
 l - a scroll of fog {unknown}
Books
 c - a book of Maledictions
Comestibles
 d - 2 bread rations
 f - a meat ration
 h - 3 fruits

Dungeon Overview and Level Annotations

Branches:
Dungeon (2/15)

Altars:


Message History

The adder is heavily wounded.
You feel sick. The adder bites you but does no damage.
You hit the adder.
The adder is heavily wounded.
You feel sick. The adder bites you.
You hit the adder.
The adder is heavily wounded.
You feel sick. The adder barely misses you. The adder closely misses you.
You barely miss the adder.
The adder is heavily wounded.
You feel sick. The adder misses you.
You hit the adder.
The adder is severely wounded.
You feel sick. The adder bites you.
You hit the adder.
You kill the adder!
Your Hexes skill increases to level 5!
You feel sick.
There is a lethal amount of poison in your body!
Drink which item? (? for menu, Esc to quit)
It was a potion of brilliance.
You feel clever all of a sudden.
You feel sick.
Drink which item? (? for menu, Esc to quit)
It was a potion of might.
You feel very mighty all of a sudden.
You feel sick.
There is a lethal amount of poison in your body!
You feel sick.
You feel sick.
You feel sick.
You feel sick.
You feel sick.
Your magical contamination has completely faded away.
You die...

$##### .# ## .# . .# .##
.# #.# ... .# #.# #.#
########.# #.#
.......#.# #.#
######.#.# #@# #<#.# #.#
#.#.# #.# ## #.#.#####
#.#
.#####.#....>###.##(##
.....................#
.#####.#####.###.##.....
#.####.#####.# #... ....
##(..........# ##### ...


There were no monsters in sight!

Action                   |  1- 3 |  4- 6 || total
-------------------------+-------+-------++-------
Melee: Dagger            |    53 |    75 ||   128
 Cast: Corona            |     2 |     1 ||     3
       Confuse           |     1 |       ||     1
       Ensorcelled Hiber |       |     2 ||     2
  Use: Potion            |       |     2 ||     2
 Stab: Sleeping          |     4 |     2 ||     6
       Distracted        |     1 |       ||     1
  Eat: Chunk             |       |     2 ||     2

Notes
Turn   | Place    | Note
--------------------------------------------------------------
     0 | D:1      | Duffy the Formicid Enchanter began the quest for the Orb.
     0 | D:1      | Reached XP level 1. HP: 13/13 MP: 3/3
   140 | D:1      | You fall through a shaft!
   271 | D:2      | Reached XP level 2. HP: 19/19 MP: 5/5
   291 | D:2      | Reached skill level 4 in Hexes
   628 | D:2      | Reached XP level 3. HP: 24/24 MP: 6/6
   651 | D:2      | Learned a level 2 spell: Ensorcelled Hibernation
   655 | D:2      | Learned a level 3 spell: Confuse
   695 | D:2      | Noticed Natasha
   708 | D:2      | Killed Natasha
   708 | D:2      | Reached skill level 2 in Short Blades
   708 | D:2      | Reached XP level 4. HP: 2/30 MP: 0/7
  1624 | D:2      | Reached skill level 5 in Hexes
  1640 | D:2      | Succumbed to an adder's poison

Vault maps used:
D:1:      dpeg_arrival_snail
D:2:      uniq_iyjb, uniq_natasha

Vanquished Creatures
  Natasha
  2 adders
  A giant gecko
  3 giant cockroaches
  A goblin
  A hobgoblin
  5 kobolds
  5 bats
  4 giant newts
  A jackal
  4 rats
28 creatures vanquished.
